 Dungeon Crawl Stone Soup version 0.29-a0-398-ge13fd1374b (webtiles) character file.

Game seed: 15292890531582106085

2712 happo123 the Digger (level 9, -2/48 HPs)
             Began as a Gargoyle Earth Elementalist on May 12, 2022.
             Was a Follower of Qazlal.
             Slain by Maggie
             ... wielding a +3 halberd of flaming
              (12 damage)
             ... on level 7 of the Dungeon.
             The game lasted 00:39:48 (7454 turns).

happo123 the Digger (Gargoyle Earth Elementalist)   Turns: 7454, Time: 00:39:49

Health: -2/48      AC: 15    Str: 12    XL:     9   Next: 66%
Magic:  0/28       EV: 12    Int: 20    God:    Qazlal [*.....]
Gold:   391        SH:  2    Dex: 10    Spells: 15/22 levels left

rFire   . . .      SeeInvis .   e - +0 flail
rCold   . . .      Faith    .   (no shield)
rNeg    + . .      Spirit   .   h - +0 leather armour
rPois   ∞          Reflect  .   (no helmet)
rElec   +          Harm     .   m - +2 cloak
rCorr   .          Rampage  .   v - +0 pair of gloves
Will    .....                   z - +0 pair of boots
Stlth   ++........              (no amulet)
HPRegen 0.16/turn               i - ring of magical power
MPRegen 0.21/turn               (no ring)

@: no status effects
A: sickness immunity, AC +6, negative energy resistance 1, electricity
resistance, torment resistance 1, petrification resistance
a: Renounce Religion


You were on level 7 of the Dungeon.
You worshipped Qazlal.
Qazlal was aware of your devotion.
You visited 2 branches of the dungeon, and saw 8 of its levels.

You collected 391 gold pieces.

Inventory:

Hand Weapons
 e - a +0 flail (weapon)
Missiles
 a - 91 stones
 C - a throwing net
Armour
 h - a +0 leather armour (worn)
 m - a +2 cloak (worn)
 v - a +0 pair of gloves (worn)
 z - a +0 pair of boots (worn)
 E - a scarf of repulsion
Jewellery
 i - a ring of magical power (left hand)
Wands
 A - a wand of flame (19)
 J - a wand of paralysis (6)
Scrolls
 b - a scroll of magic mapping {unknown}
 d - 2 scrolls of identify
 g - 2 scrolls of blinking
 j - a scroll of noise {unknown}
 l - a scroll of acquirement {unknown}
 n - a scroll of enchant armour {unknown}
 o - a scroll of immolation {unknown}
 r - 4 scrolls of teleportation
 s - 3 scrolls of enchant weapon
 x - a scroll of fog {unknown}
 y - a scroll of vulnerability {unknown}
 G - a scroll of silence {unknown}
 H - 2 scrolls of fear {unknown}
Potions
 c - 2 potions of magic
 f - a potion of might {unknown}
 k - 3 potions of mutation {unknown}
 p - a potion of berserk rage {unknown}
 q - a potion of attraction {unknown}
 t - 2 potions of degeneration {unknown}
 u - 4 potions of flight
 w - 3 potions of heal wounds
 B - a potion of cancellation {unknown}
 D - 2 potions of haste {unknown}
 F - a potion of lignification {unknown}
 I - a potion of resistance {unknown}


   Skills:
 + Level 2.2 Fighting
 + Level 4.2 Maces & Flails
 + Level 3.0 Armour
 + Level 3.1 Dodging
 + Level 3.5 Stealth
 + Level 0.2 Unarmed Combat
 + Level 7.1 Spellcasting
 + Level 4.4 Conjurations
 + Level 0.8 Transmutations
 + Level 2.1 Air Magic
 + Level 7.7 Earth Magic


You had 15 spell levels left.
You knew the following spells:

 Your Spells              Type           Power      Damage    Failure   Level
a - Sandblast             Erth           74%        2d16      1%          1
b - Stone Arrow           Conj/Erth      62%        3d10      3%          3
c - Shock                 Conj/Air       80%        1d8       3%          1
d - Passwall              Tmut/Erth      20%        N/A       3%          2

Your spell library contained the following spells:

 Spells                   Type           Power      Damage    Failure   Level
 Magic Dart               Conj           96%        1d7       1%          1
 Mephitic Cloud           Conj/Pois/Air  15%        N/A       14%         3
 Swiftness                Air            15%        N/A       16%         3
 Call Imp                 Summ           7%         N/A       19%         2
 Ensorcelled Hibernation  Hex/Ice        14%        N/A       19%         2
 Petrify                  Tmut/Erth      24%        N/A       21%         4
 Ignite Poison            Fire/Tmut/Pois 8%         N/A       32%         3
 Airstrike                Air            7%         N/A       45%         4
 Freezing Cloud           Conj/Ice/Air   7%         6-21      80%         5


Dungeon Overview and Level Annotations

Branches:
Dungeon (7/15)             Temple (1/1) D:5

Altars:
Ashenzari
Cheibriados
Dithmenos
Elyvilon
Fedhas
Gozag
Hepliaklqana
Kikubaaqudgha
Makhleb
Nemelex Xobeh
Okawaru
Qazlal
Ru
Sif Muna
Trog
Uskayaw
Wu Jian
Xom
Yredelemnul
Zin
The Shining One

Portals:
Bailey: D:7

Annotations:
D:7 Maggie


Innate Abilities, Weirdness & Mutations

You are immune to sickness and miasma.
Your stone body is resilient. (AC +6)
You are immune to poison.
You resist negative energy. (rN+)
You are resistant to electric shocks. (rElec)
You are resistant to unholy torment.
You are immune to petrification.


Message History

Hit: e) +0 flail
Press: ? - help, Dir - move target, f - you
Okay, then.
Aiming: Throw Flame
Press: ? - help, Shift-Dir - straight line, f - Maggie
Aim: Maggie, wielding a +3 halberd of flaming and wearing +0 swamp dragon scales (moderately wounded, 72% to hit)
The puff of flame misses Maggie.
Maggie misses you.
Aiming: Paralyse
Press: ? - help, Shift-Dir - straight line, f/p - Maggie
Aim: Maggie, wielding a +3 halberd of flaming and wearing +0 swamp dragon scales (moderately wounded, chance to affect: 49%) Maggie suddenly stops moving!
Casting: Sandblast (safe; 1% risk of failure)
Confirm with . or Enter, or press ? or * to list all spells.
You don't have enough magic to cast this spell.
Casting: Sandblast (safe; 1% risk of failure)
Confirm with . or Enter, or press ? or * to list all spells.
You don't have enough magic to cast this spell.
Casting: Sandblast (safe; 1% risk of failure)
Confirm with . or Enter, or press ? or * to list all spells.
Aiming: Stone Arrow (dangerous; 3% risk of failure)
Press: ? - help, Shift-Dir - straight line, f/p - Maggie
Aim: Maggie, wielding a +3 halberd of flaming and wearing +0 swamp dragon scales (moderately wounded, paralysed, 100% to hit)
The stone arrow hits Maggie!!
Maggie is severely wounded.
You don't have enough magic to cast this spell.
The helpless Maggie fails to defend herself.
You sock Maggie!
Maggie is severely wounded.
Maggie is no longer paralysed.
Maggie mutters to herself, "Master Lance won't take me back.
This is the way forward."
You block Maggie's attack.
You barely miss Maggie.
Maggie is severely wounded.
Maggie shouts, "Leave me alone!"
Maggie gestures wildly while chanting.
Maggie attempts to bespell you! You resist with almost no effort.
You closely miss Maggie.
Maggie is severely wounded.
Maggie hits you with a +3 halberd of flaming!
You die...

......... #8...∩...8.
..##..... #..........
.......#. ##..........
............ #..8.....8.#
......##.... #..........#
.....####..######.....8....#
...........>.......#########
....######......@.## ....#
#......@.#
....######........#
.........)).)))...#
....#######.......# #####
#.......# #.......#
#.......# #########


You could see Maggie.

Vanquished Creatures
  Sigmund (D:2)
  5 yaks (D:6)
  A steam dragon (D:6)
  An orc warrior (D:5)
  A sky beast (D:7)
  A centaur (D:3)
  A phantom (D:6)
  2 kobold brigands (D:7)
  3 bullfrogs
  3 scorpions (D:6)
  A howler monkey (D:4)
  2 jellies
  4 orc priests
  4 hounds (D:6)
  2 gnoll shamans
  Jessica (D:2)
  4 iguanas
  An orc wizard (D:5)
  12 gnolls
  8 adders
  3 white imps
  An ufetubus (D:5)
  16 orcs
  6 ball pythons
  7 endoplasms
  4 giant cockroaches
  3 goblins
  5 hobgoblins
  14 jackals
  13 kobolds
  4 quokkas
  5 bats
  5 frilled lizards
  4 rats (D:1)
148 creatures vanquished.

Notes
Turn   | Place    | Note
-------+----------+-------------------------------------------
     0 | D:1      | happo123 the Gargoyle Earth Elementalist began the quest
                  | for the Orb.
     0 | D:1      | Reached XP level 1. HP: 10/10 MP: 3/3
   159 | D:1      | Reached XP level 2. HP: 7/15 MP: 5/5
   631 | D:1      | Reached XP level 3. HP: 19/19 MP: 6/6
   944 | D:2      | Learned a level 3 spell: Stone Arrow
   953 | D:2      | Reached skill level 1 in Maces & Flails
  1453 | D:2      | Noticed Sigmund
  1469 | D:2      | Killed Sigmund
  1470 | D:2      | Reached skill level 1 in Fighting
  1470 | D:2      | Reached skill level 1 in Armour
  1470 | D:2      | Reached XP level 4. HP: 2/25 MP: 8/8
  1470 | D:2      | Reached XP level 5. HP: 3/29 MP: 8/9
  1820 | D:2      | Noticed Jessica
  1830 | D:2      | Killed Jessica
  1831 | D:2      | Reached skill level 5 in Earth Magic
  1831 | D:2      | Reached XP level 6. HP: 26/34 MP: 10/10
  2728 | D:3      | You fall into a shaft and drop 3 floors!
  2746 | D:6      | Learned a level 1 spell: Shock
  2888 | D:5      | Entered Level 5 of the Dungeon
  2906 | D:5      | HP: 1/34 [gnoll/+2 whip of pain[a gnoll shaman] (2)]
  3384 | D:4      | Reached XP level 7. HP: 38/38 MP: 12/12
  5056 | D:5      | Found a staircase to the Ecumenical Temple.
  5083 | D:5      | Reached skill level 1 in Conjurations
  5117 | Temple   | Entered the Ecumenical Temple
  5414 | Temple   | Became a worshipper of Qazlal Stormbringer
  5468 | D:5      | Reached XP level 8. HP: 43/43 MP: 15/15
  5733 | D:5      | Reached skill level 1 in Air Magic
  5839 | D:6      | Reached skill level 5 in Spellcasting
  6565 | D:6      | Noticed a yak
  6565 | D:6      | Noticed a yak
  6565 | D:6      | Noticed a yak
  6565 | D:6      | Noticed a yak
  6582 | D:6      | Killed a yak
  6583 | D:6      | Reached XP level 9. HP: 48/48 MP: 18/18
  6607 | D:6      | HP: 2/48 [yak (6)]
  6811 | D:6      | Reached * piety under Qazlal
  7150 | D:6      | Learned a level 2 spell: Passwall
  7413 | D:7      | Found a flagged portal.
  7415 | D:7      | Noticed Maggie
  7428 | D:7      | HP: 1/48 [something (3)]
  7454 | D:7      | Slain by Maggie

Illustrated notes

Levels and vault maps discovered:
D:1:      mainiacjoe_arrival_reflecting_pool, layout_rooms, minmay_tall_x
D:2:      layout_basic, uniq_sigmund, uniq_jessica
D:3:      layout_basic
D:4:      layout_basic
D:5:      layout_basic, minmay_temple_entry_water_ring, minmay_splitting_lines
D:6:      layout_basic, serial_glass, glass_columns_c, glass_columns_b,
          chequers_serial_rivers_large_a
D:7:      layout_rooms, enter_bailey_6, uniq_maggie
Temple:   minmay_crystal_snake_temple

Skill      XL: |  1  2  3  4  5  6  7  8  9 |
---------------+----------------------------+-----
Earth Magic    | 4 5 6 7 |  7.7
Maces & Flails | 2 3 4 |  4.2
Fighting       | 1 2 |  2.2
Armour         | 1 2 3 |  3.0
Dodging        | 2 3 |  3.1
Spellcasting   | 3 4 6 7 |  7.1
Stealth        | 3 |  3.5
Conjurations   | 1 3 4 |  4.4
Air Magic      | 1 2 |  2.1
Unarmed Combat | |  0.2
Transmutations | |  0.8

Action                   |  1- 3 |  4- 6 |  7- 9 || total
-------------------------+-------+-------+-------++-------
Melee: Unarmed           |    18 |       |       ||    18
       Flail             |    54 |    28 |   134 ||   216
       Punch             |       |       |     3 ||     3
 Cast: Sandblast         |    24 |    30 |    72 ||   126
       Stone Arrow       |     1 |     7 |    44 ||    52
       Shock             |       |     3 |    81 ||    84
       Passwall          |       |       |     5 ||     5
Evoke: Wand              |       |       |     4 ||     4
  Use: Scroll            |       |       |     6 ||     6
       Potion            |       |       |     2 ||     2
 Stab: Sleeping          |     1 |     2 |     3 ||     6
       Paralysed         |       |       |     1 ||     1
Armor: Robe              |     8 |       |       ||     8
       Leather armour    |    35 |    21 |   108 ||   164
Dodge: Dodged            |    67 |    37 |   124 ||   228
Block: Other             |       |       |     4 ||     4

Table legend: (Time is in decaauts)
 A = Elapsed time spent in this place.
 B = Non-inter-level travel time spent in this place.
 C = Inter-level travel time spent in this place.
 D = Time resting spent in this place.
 E = Time spent auto-exploring this place.
 F = Levels seen in this place.
 G = Mean time per level.
                   A        B        C        D        E       F      G
               +--------+--------+--------+--------+--------+-----+--------+
         Total |   7525 |   6614 |    911 |   1059 |   4386 |   8 |  940.6 |
       Dungeon |   7206 |   6360 |    846 |   1059 |   4151 |   7 | 1029.4 |
        Temple |    319 |    254 |     65 |      0 |    235 |   1 |  319.0 |
               +--------+--------+--------+--------+--------+-----+--------+

Top non-repeatable levels by time:
     D:6: 1565 daAuts
     D:2: 1311 daAuts
     D:3: 1056 daAuts
     D:5: 1052 daAuts
     D:4: 1039 daAuts
     D:1: 941 daAuts
  Temple: 319 daAuts
     D:7: 238 daAuts
